Map: Jagannatha LE

Players

MaNa

  • Race: Protoss Protoss

Lilbow - Winner!

  • Race: Protoss Protoss

Event: DreamHack SC2 Masters 2021 Winter

VOD

Have the link to the VOD?

Description

Time

  • Played on: Oct. 10, 2021, 11:01 a.m.
  • Length: 9:00

All games in this series

Show
View Real Time Build Order
Export as new Build Order

MaNa Protoss 

Build Orders:  

Get SALT Encoding   

  12  0:00  Probe  
  13  0:12  Probe  
  14  0:17  Pylon  
  14  0:24  Probe (Chrono Boost)  
  15  0:36  Probe (Chrono Boost)  
  15  0:37  Gateway  
  16  0:44  Probe (Chrono Boost)  
  16  0:46  Assimilator  
  17  0:51  Probe  
  17  0:54  Assimilator  
  18  1:03  Probe (Chrono Boost)  
  19  1:07  Gateway  
  19  1:12  Probe (Chrono Boost)  
  19  1:17  Probe (Chrono Boost)  
  20  1:24  Cybernetics Core  
  21  1:29  Probe  
  22  1:36  Pylon  
  22  1:41  Probe  
  23  1:54  Probe  
  24  2:01  Adept x2  
  28  2:02  Warp Gate  
  28  2:06  Probe  
  29  2:13  Pylon  
  29  2:23  Probe  
  29  2:24  Pylon  
  30  2:35  Probe  
  31  2:38  Robotics Facility  
  31  2:42  Adept  
  31  2:43  Adept  
  35  2:49  Probe  
  36  2:56  Pylon  
  36  3:02  Probe  
  37  3:16  Probe  
  37  3:17  Stalker x2  
  42  3:25  Immortal (Chrono Boost)  
  44  3:50  Nexus  
  44  3:52  Probe  
  45  3:59  Pylon  
  45  4:03  Adept  
  47  4:17  Observer, Probe (Chrono Boost)  
  49  4:27  Forge  
  49  4:29  Probe (Chrono Boost)  
  50  4:37  Probe (Chrono Boost)  
  49  4:40  Immortal  
  49  4:43  Probe  
  52  4:55  Probe  
  52  4:56  Sentry  
  52  4:59  Protoss Ground Weapons Level 1  
  55  5:02  Probe, Sentry  
  58  5:07  Probe  
  58  5:08  Twilight Council  
  59  5:14  Probe  
  59  5:19  Immortal (Chrono Boost)  
  59  5:20  Probe  
  61  5:26  Pylon  
  61  5:27  Probe  
  66  5:31  Blink (Chrono Boost)  
  66  5:32  Probe  
  67  5:37  Pylon  
  67  5:41  Probe  
  67  5:42  Assimilator  
  68  5:44  Assimilator  
  68  5:53  Immortal (Chrono Boost)  
  73  5:57  Probe x2  
  74  6:06  Gateway  
  74  6:07  Gateway  
  74  6:14  Gateway  
  74  6:17  Gateway  
  74  6:21  Sentry x2  
  78  6:26  Warp Prism (Chrono Boost)  
  80  6:33  Observer  
  80  6:34  Pylon  
  80  6:44  Stalker, Pylon  
  80  6:45  Stalker  
  84  6:59  Nexus  
  84  7:21  Stalker x5  
  84  7:22  Stalker  
  96  7:27  Pylon  
  96  7:47  Stalker x5  
  94  8:02  Stalker  
  94  8:05  Observer  
  62  8:16  Stalker x5  
  62  8:19  Shield Battery  
  66  8:28  Shield Battery  
  66  8:34  Zealot  
  64  8:39  Zealot x3  
  66  8:42  Stalker  
  66  8:46  Zealot  
Show
View Real Time Build Order
Export as new Build Order

Lilbow Protoss - Winner!

Build Orders: Phoenix Opening 

Get SALT Encoding   

  12  0:00  Probe  
  13  0:12  Probe  
  14  0:17  Pylon  
  14  0:24  Probe (Chrono Boost)  
  15  0:36  Probe (Chrono Boost)  
  15  0:38  Gateway  
  16  0:44  Probe (Chrono Boost)  
  16  0:46  Assimilator  
  17  0:51  Probe  
  18  1:03  Probe (Chrono Boost)  
  19  1:04  Assimilator  
  19  1:11  Gateway  
  19  1:13  Probe (Chrono Boost)  
  19  1:18  Probe  
  20  1:25  Cybernetics Core  
  21  1:30  Probe  
  22  1:37  Pylon  
  22  1:42  Probe  
  23  1:55  Probe  
  24  2:01  Stalker, Warp Gate  
  24  2:04  Stalker  
  28  2:17  Pylon  
  28  2:30  Pylon  
  28  2:32  Sentry  
  30  2:44  Nexus  
  30  2:47  Probe  
  31  2:54  Sentry  
  33  2:59  Probe  
  33  3:02  Stalker  
  36  3:08  Phoenix  
  36  3:11  Probe  
  37  3:23  Probe  
  38  3:33  Pylon, Shield Battery  
  36  3:35  Probe  
  37  3:44  Twilight Council  
  37  3:47  Probe  
  38  3:52  Stalker x2  
  42  3:56  Probe  
  42  3:59  Probe  
  44  4:05  Shield Battery  
  44  4:10  Shield Battery  
  44  4:14  Stalker, Sentry  
  44  4:17  Blink (Chrono Boost), Probe  
  49  4:29  Probe  
  49  4:31  Adept  
  48  4:39  Stalker  
  48  4:42  Probe  
  48  4:43  Probe  
  52  4:53  Forge  
  52  4:54  Probe  
  52  4:56  Probe  
  54  5:06  Assimilator, Probe  
  55  5:08  Stalker, Probe  
  55  5:09  Robotics Facility  
  58  5:14  Stalker  
  58  5:19  Probe  
  58  5:20  Probe  
  62  5:25  Protoss Ground Weapons Level 1  
  62  5:31  Nexus  
  62  5:37  Phoenix, Pylon  
  62  5:49  Gateway  
  62  5:50  Gateway  
  62  5:55  Probe x2  
  62  5:57  Observer  
  65  5:58  Stalker, Sentry  
  65  6:00  Pylon  
  69  6:07  Probe  
  70  6:14  Pylon  
  70  6:18  Probe  
  70  6:20  Probe  
  70  6:21  Stalker x2  
  70  6:23  Shield Battery  
  76  6:30  Probe  
  76  6:32  Immortal (Chrono Boost), Charge (Chrono Boost)  
  81  6:44  Zealot x2  
  81  6:45  Zealot x2  
  89  6:49  Gateway  
  89  6:51  Gateway  
  89  6:54  Phoenix  
  89  7:05  Stalker x2, Zealot x2  
  97  7:12  Immortal  
  101  7:17  Pylon  
  101  7:18  Pylon  
  100  7:24  Pylon  
  98  7:39  Zealot x4  
  98  7:40  Probe  
  95  7:47  Probe  
  95  7:49  Stalker x2  
  87  8:01  Probe  
  87  8:02  Zealot x4  
  87  8:04  Probe  
  88  8:12  Probe  
  83  8:13  Probe  
  83  8:16  Probe  
  77  8:22  Observer  
  77  8:24  Probe  
  77  8:25  Probe  
  80  8:28  Probe  
  79  8:37  Zealot x3  
  79  8:38  Zealot x2  
  79  8:40  Probe  

Tags
 
Add a new tag
Caveats
  • Supply blocks, unpowered buildings, or Contaminate may cause inaccurate times.
  • Supply counts are checked every 10 seconds.